 Crawl Stoat Soup version 0.23-ish-327-95-g181beea39d (console) character file.

3573 ceb the Merchant of Misery (level 10, -2/66 HPs)
             Began as a Faerie Dragon Necromancer on Apr 9, 2024.
             Was a Believer of Kikubaaqudgha.
             Slain by a warg (12 damage)
             ... on level 8 of the Dungeon.
             The game lasted 00:15:37 (7159 turns).

ceb the Merchant of Misery (FDNe)                   Turns: 7159, Time: 00:15:37

Health: -2/66      AC:  8    Str:  6      XL:     10   Next: 9%
Magic:  6/17 (20)  EV: 15    Int: 21 (23) God:    Kikubaaqudgha [**....]
Gold:   342        SH:  6    Dex:  7 (12) Spells: 1/23 levels left

rFire    . . .     SeeInvis .   a - +0 short sword
rCold    . . .     Gourm    .   (shield restricted)
rNeg     . . .     Faith    .   (armour unavailable)
rPois    .         Spirit   .   (helmet restricted)
rElec    .         Warding  .   (no cloak)
rCorr    .         Reflect  .   G - +1 pair of gloves
MR       +....     Harm     .   (no boots)
Stlth    ..........             (no amulet)
HPRegen  0.71/turn              (no ring)
MPRegen  0.17/turn              (no ring)

@: flying, 3 MP reserved for charms, 0.05 MP regen used to sustain charms
A: small, sparkly, unfitting armour, deterioration 1, mutation resistance 1,
magic attunement, magical scales, able to fly
a: Stop Flying, Receive Corpses, Renounce Religion, End Permanent Enchantments


You were on level 8 of the Dungeon.
You worshipped Kikubaaqudgha.
Kikubaaqudgha was pleased with you.
You were not hungry.

You visited 2 branches of the dungeon, and saw 9 of its levels.

You collected 342 gold pieces.

Inventory:

Hand Weapons
 a - a +0 short sword (weapon)
 I - a +0 trident
Armour
 G - a +1 pair of gloves (worn)
Jewellery
 g - a cursed -4 ring of dexterity {unknown}
 n - an uncursed ring of wizardry {unknown}
 H - a +3 ring of strength {unknown}
 K - an uncursed ring of protection from cold {unknown}
Wands
 s - a wand of iceblast (9 charges)
 x - a wand of mindburst (17 charges)
 F - a wand of clouds (10 charges)
Scrolls
 b - 2 scrolls of remove curse {unknown}
 e - 2 scrolls of fear {unknown}
 h - a scroll of random uselessness {unknown}
 j - 3 scrolls of fog {unknown}
 l - 3 scrolls of teleportation
 q - 3 scrolls of magic mapping {unknown}
 y - 2 scrolls of amnesia {unknown}
 B - 3 scrolls of enchant weapon {unknown}
 C - 3 scrolls of immolation
 D - a scroll of noise
 L - a scroll of blinking
Potions
 d - 3 potions of degeneration {unknown}
 f - a potion of heal wounds {unknown}
 i - a potion of cancellation {unknown}
 k - 4 potions of flight {unknown}
 m - 5 potions of haste
 o - 4 potions of agility {unknown}
 p - 3 potions of might {unknown}
 u - a potion of mutation {unknown}
 w - 2 potions of brilliance {unknown}
 z - 2 potions of berserk rage {unknown}
 A - 2 potions of curing {unknown}
 J - a potion of resistance
Comestibles
 c - 8 bread rations
 r - 8 meat rations
 t - 10 fruits
 v - 2 chunks of flesh


   Skills:
 + Level 5.5 Fighting
 + Level 7.2 Dodging
 - Level 1.2 Stealth
 + Level 7.1 Spellcasting
 * Level 2.6 Conjurations
 + Level 11.5 Necromancy


You had one spell level left.
You knew the following spells:

 Your Spells              Type           Power        Failure   Level  Hunger
a - Necrotise             Necr           25/25        1%          1    None
b - Animate Dead          Necr           N/A          1%          4    None
c - Vampiric Draining     Necr           54/200       1%          3    None
d - Regeneration          Chrm/Necr      31/200       8%          4    None
e - Bolt of Magma         Conj/Fire/Erth 11/200       86%         5    None
f - Iskenderun's Battles  Conj/Chrm      13/100       80%         5    None

Your spell library contained the following spells:

 Spells                   Type           Power        Failure   Level  Hunger
 Apportation              Tloc           7/50         9%          1    None
 Confusing Touch          Hex            7/50         9%          1    None
 Summon Small Mammal      Summ           7/25         9%          1    None
 Corpse Rot               Necr           N/A          1%          2    None
 Sublimation of Blood     Necr           54/200       1%          2    None
 Iron Shot                Conj/Erth      13/200       100%        6    None
 Velakast's Superior Rad  Hex/Pois       7/200        100%        6    None
 Orb of Destruction       Conj           18/200       100%        7    None
 Spellforged Servitor     Conj/Summ      13/200       100%        7    None


Dungeon Overview and Level Annotations

Branches:
Dungeon (8/15)             Temple (1/1) D:4
   Lair: D:8-11

Altars:
Ashenzari
Dithmenos
Elyvilon
Fedhas
Hepliaklqana Ihp'ix
Kikubaaqudgha
Makhleb
Nemelex Xobeh
Okawaru
Qazlal
Ru
Sif Muna
Trog
Uskayaw
Vehumet
Wu Jian
Xom
Yredelemnul
Zin
The Shining One

Annotations:
D:8 Erica


Innate Abilities, Weirdness & Mutations

Your sparkly wings attract attention (Stealth-).
You are small and have problems with some larger weapons.
You cannot fit into any form of body armour.
Your spells do not cause hunger; their MP costs are reduced by 1.
Your shimmering scales repel attacks (AC +6, SH +6).
You can fly continuously.
Your body sometimes deteriorates upon taking damage.
You are somewhat resistant to further mutation.


Message History

The quasit bites you but does no damage.
You block the quasit's attack. The quasit barely misses you.
The orc priest looks satisfied for a moment.
Casting: Necrotise (safe; 1% risk of failure)
Confirm with . or Enter, or press ? or * to list all spells.
Aiming: Necrotise (safe; 1% risk of failure)
Press: ? - help, Shift-Dir - straight line, f/p - warg
Aim: a warg (chance to defeat MR: 71%)
The quasit is unaffected.
The warg bites your hound skeleton!
Your hound skeleton bites the warg.
The quasit closely misses you.
The quasit claws you but does no damage.
You block the quasit's attack.
The orc priest invokes the aid of Beogh against you.
Beogh smites you!
* * * LOW HITPOINT WARNING * * *
Erica shouts!
Your hound skeleton closely misses the warg.
The warg bites you!
You die...
Kikubaaqudgha rasps: "You have failed me!
Welcome... death!"

....
#5Z#..>o...#....##
.... #@h.#
....#.#..# #..
##......#.#..##..
.. ......## ## #.
# ....#.# #...#...
##... .. ....
.....


You could see Erica, 3 wargs, an orc priest, an orc wizard, a quasit, an orc and
a friendly hound skeleton.

Vanquished Creatures
  Joseph (D:7)
  A hippogriff (D:6)
  2 ice beasts (D:7)
  An orc warrior (D:7)
  2 sky beasts (D:7)
  5 ogres
  2 centaurs
  2 phantoms
  2 bullfrogs (D:6)
  3 gnoll sergeants (D:5)
  5 howler monkeys
  2 goliath beetles
  7 hounds
  An orc priest (D:5)
  A jelly (D:5)
  2 gnoll shamans (D:5)
  An orc wizard (D:2)
  A bullfrog skeleton (D:4)
  2 iguanas
  A centaur skeleton (D:7)
  2 worker ants
  A worker ant zombie (D:5)
  26 gnolls
  9 adders
  2 shadow imps
  An adder zombie (D:7)
  2 worms
  5 dart slugs
  3 leopard geckos
  17 orcs
  A giant cockroach (D:5)
  3 goblins
  9 hobgoblins
  10 jackals
  2 weasels
  A ball python (D:3)
  8 bats
  4 frilled lizards
  4 kobolds
  5 rats
  A weasel skeleton (D:4)
160 creatures vanquished.

Vanquished Creatures (collateral kills)
  A hungry ghost (D:7)
  A hippogriff (D:7)
  2 phantoms
  A bullfrog (D:6)
  A centaur zombie (D:6)
  A quasit (D:7)
  A bullfrog zombie (D:5)
  A bullfrog skeleton (D:5)
  A hound (D:5)
  A howler monkey zombie (D:5)
  4 gnolls (D:5)
  A shadow imp (D:7)
  An orc (D:3)
  2 jackals (D:5)
  A frilled lizard (D:1)
20 creatures vanquished.

Vanquished Creatures (others)
  4 toadstools (D:1)
4 creatures vanquished.

Grand Total: 184 creatures vanquished

Notes
Turn   | Place    | Note
-------+----------+-------------------------------------------
     0 | D:1      | ceb the Faerie Dragon Necromancer began the quest for the
                  | Orb.
     0 | D:1      | Reached XP level 1. HP: 11/11 MP: 3/3
    65 | D:1      | Reached skill level 5 in Necromancy
    65 | D:1      | Reached XP level 2. HP: 15/17 MP: 5/5
   753 | D:2      | Found a sacrificial altar of Ru.
   800 | D:2      | Reached XP level 3. HP: 22/22 MP: 7/7
  1074 | D:2      | Found a sacrificial altar of Ru.
  1079 | D:2      | Reached skill level 1 in Fighting
  1087 | D:2      | Reached XP level 4. HP: 24/28 MP: 8/8
  1095 | D:2      | Learned a level 4 spell: Animate Dead
  1099 | D:2      | Learned a level 3 spell: Vampiric Draining
  1346 | D:2      | Found an iron altar of Okawaru.
  1577 | D:3      | Found a deep blue altar of Sif Muna.
  2145 | D:3      | Reached skill level 6 in Necromancy
  2171 | D:3      | Found a hazy altar of Hepliaklqana.
  2176 | D:3      | Reached XP level 5. HP: 33/33 MP: 9/9
  2478 | D:4      | Noticed a phantom
  2492 | D:4      | Killed a phantom
  2576 | D:4      | Found a staircase to the Ecumenical Temple.
  2587 | Temple   | Entered the Ecumenical Temple
  2909 | Temple   | Became a worshipper of Kikubaaqudgha
  3295 | D:4      | Reached XP level 6. HP: 38/39 MP: 11/11
  3301 | D:4      | Learned a level 4 spell: Regeneration
  3693 | D:5      | Entered Level 5 of the Dungeon
  3814 | D:5      | Found a basalt altar of Yredelemnul.
  3836 | D:5      | Reached skill level 7 in Necromancy
  3917 | D:5      | Reached XP level 7. HP: 37/45 MP: 8/13
  4375 | D:5      | Reached * piety under Kikubaaqudgha
  4383 | D:5      | Identified Kikubaaqudgha's Grimoire of Dark Rituals
                  | (Kikubaaqudgha gifted it to you on level 5 of the Dungeon)
  4383 | D:5      | Received a gift from Kikubaaqudgha
  4390 | D:5      | Reached skill level 8 in Necromancy
  4428 | D:5      | Reached XP level 8. HP: 52/52 MP: 12/15
  4490 | D:5      | Reached skill level 5 in Spellcasting
  4498 | D:5      | Reached skill level 5 in Dodging
  4965 | D:5      | Reached skill level 9 in Necromancy
  4988 | D:5      | Reached ** piety under Kikubaaqudgha
  5172 | D:5      | Found a hide-covered altar of Uskayaw.
  5741 | D:6      | Reached XP level 9. HP: 58/58 MP: 14/17
  5877 | D:7      | Reached skill level 10 in Necromancy
  5974 | D:7      | Found an ornate altar of the Wu Jian Council.
  6055 | D:7      | Found a stormy altar of Qazlal.
  6092 | D:7      | Found a bloodstained altar of Trog.
  6170 | D:7      | Found a burning altar of Makhleb.
  6221 | D:7      | Gained mutation: You have supernaturally acute eyesight.
                  | (SInv) [mutagenic meat]
  6222 | D:7      | Gained mutation: Your body sometimes deteriorates upon
                  | taking damage. [mutagenic meat]
  6223 | D:7      | Lost mutation: You have supernaturally acute eyesight.
                  | (SInv) [mutagenic meat]
  6224 | D:7      | Gained mutation: You are somewhat resistant to further
                  | mutation. [mutagenic meat]
  6268 | D:7      | Noticed Joseph
  6285 | D:6      | Reached skill level 5 in Fighting
  6385 | D:7      | Killed Joseph
  6385 | D:7      | Reached skill level 11 in Necromancy
  6531 | D:7      | Learned a level 5 spell: Bolt of Magma
  6546 | D:7      | Found a shadowy altar of Dithmenos.
  6821 | D:7      | Reached skill level 1 in Conjurations
  6871 | D:7      | Reached XP level 10. HP: 66/66 MP: 17/20
  6914 | D:7      | Found a white marble altar of Elyvilon.
  6991 | D:7      | Learned a level 5 spell: Iskenderun's Battlesphere
  7072 | D:8      | Found a shattered altar of Ashenzari.
  7106 | D:8      | Noticed Erica
  7120 | D:8      | Noticed a two-headed ogre
  7159 | D:8      | Slain by a warg

Vault maps used:
D:1:      ldierk_walled_garden_2
D:2:      nicolae_overflow_crystal_walls, lemuel_coloured_pillars_altar,
          first_bread, nicolae_ru_great_annihilating_truth
D:3:      lemuel_round_altar, lemuel_crystal_altar, serial_bayou,
          serial_bayou_pond_c, serial_bayou_pond_d, serial_bayou_pond_a,
          serial_bayou_shore_b
D:4:      minmay_temple_entry_statues_fountains
D:5:      lemuel_crystal_altar, yredelemnul_altar_generic, serial_gnoll_camp,
          gnoll_camp_medium_02, gnoll_camp_mini_hut, gnoll_camp_mini_loothouse,
          gnoll_camp_huts_moat, minmay_misc_feat_doors
D:6:      st_stairs_10
D:7:      nicolae_dithmenos_the_darkroom, lemuel_round_altar,
          lemuel_round_altar, lightli_temple_of_fire, lemuel_round_altar,
          lemuel_doored_altar, grunt_ogre_cave, uniq_joseph
D:8:      marbit_many_paths, erik_lair_orcish_takeover, ashenzari_altar_1,
          uniq_erica
Temple:   compressed_dpeg_triangle_lava_temple

Skill      XL: |  1  2  3  4  5  6  7  8  9 10 |
---------------+-------------------------------+-----
Necromancy     | 5 6 7 8 9 11 | 11.5
Spellcasting   | 3 4 5 7 |  7.1
Fighting       | 1 2 3 4 5 |  5.5
Dodging        | 3 4 5 7 |  7.2
Conjurations   | 1 2 |  2.6
Stealth        | |  1.2

Action                   |  1- 3 |  4- 6 |  7- 9 | 10-12 || total
-------------------------+-------+-------+-------+-------++-------
Melee: Short sword       |       |    61 |   104 |    30 ||   195
 Cast: Necrotise         |    58 |    76 |   300 |    33 ||   467
       * Regeneration    |       |    47 |   107 |     8 ||   162
       Vampiric Draining |       |     1 |    22 |     5 ||    28
       Animate Dead      |       |     1 |     6 |     1 ||     8
  Use: Scroll            |       |     3 |     3 |     1 ||     7
 Stab: Distracted        |       |       |     3 |       ||     3
  Eat: Chunk             |       |     9 |    16 |     1 ||    26
Armor: Skin              |     3 |    15 |    60 |    48 ||   126
Dodge: Dodged            |     6 |    74 |   212 |   108 ||   400
Block: Other             |     8 |    29 |    63 |    41 ||   141
* Casting counts for permanent charms are approximate representations of how often the player would have had to cast a non-permanent spell for the same benefits.

Table legend:
 A = Spawn XP
 B = Non-spawn XP
 C = Spawn XP percentage of total XP
 D = Spawn monster count
 E = Non-spawn monster count
 F = Spawn count percentage of total count
 G = Total turns spent on level
                    A         B        C        D         E        F      G
               +---------+---------+-------+---------+---------+-------+---------
         Total |     486 |    4619 |   9.5 |      22 |     158 |  12.2 |  7159
               +---------+---------+-------+---------+---------+-------+---------
           D:1 |       1 |      19 |   5.0 |       1 |      11 |   8.3 |   665
           D:2 |       3 |     106 |   2.8 |       2 |      22 |   8.3 |   750
           D:3 |      22 |      41 |  34.9 |       5 |      13 |  27.8 |  1021
           D:4 |       1 |     177 |   0.6 |       1 |      10 |   9.1 |  1105
           D:5 |     202 |    1400 |  12.6 |       7 |      60 |  10.4 |  1486
           D:6 |      74 |     716 |   9.4 |       1 |      10 |   9.1 |   606
           D:7 |     183 |    1932 |   8.7 |       5 |      24 |  17.2 |  1102
           D:8 |       0 |     228 |   0.0 |       0 |       8 |   0.0 |    91
               +---------+---------+-------+---------+---------+-------+---------
